 Dungeon Crawl Stone Soup version 0.30-a0-953-g5f1da4a474 (webtiles) character file.

Game seed: 8335561207280319832

2097 cforsyth the Fighter (level 9, -11/78 HPs)
             Began as a Formicid Fighter on Mar 28, 2023.
             Was an Initiate of Ru.
             Mangled by a two-headed ogre
             ... wielding a +0 dire flail
              (15 damage)
             ... on level 7 of the Dungeon.
             The game lasted 00:11:29 (7849 turns).

cforsyth the Fighter (Formicid Fighter)             Turns: 7849, Time: 00:11:29

Health: -11/78     AC: 14    Str: 28    XL:     9   Next: 52%
Magic:  9/9        EV:  7    Int:  6    God:    Ru [......]
Gold:   311        SH:  5    Dex: 13    Spells: 8/8 levels left

rFire   . . .      SeeInvis +    t - +5 morningstar "Lyiruiz" {heavy, rN+ Str+3}
rCold   . . .      Faith    .    c - +0 buckler
rNeg    + . .      Spirit   .    s - +0 plate armour
rPois   .          Reflect  .    (helmet unavailable)
rElec   .          Rampage  .    (no cloak)
rCorr   .                        h - +2 pair of gloves
Will    .....                    (no boots) Stlth
                                 (no amulet)
HPRegen 0.33/turn                (no ring)
MPRegen 0.11/turn                (no ring)

@: no status effects
A: permanent stasis, dig shafts and tunnels, antennae 3, four strong arms, dopey
1
a: Dig, Shaft Self, Renounce Religion


You were on level 7 of the Dungeon.
You worshipped Ru.
Ru was noncommittal.
You visited 2 branches of the dungeon, and saw 8 of its levels.
You also visited: Ossuary.

You collected 311 gold pieces.

Inventory:

Hand Weapons
 a - a +0 flail
 t - the +5 morningstar "Lyiruiz" (weapon) {heavy, rN+ Str+3}
   (You found it on level 6 of the Dungeon)

   Str:       It affects your strength (+3).
   rN:        It protects you from negative energy.
Missiles
 q - a throwing net
Armour
 b - a +0 scale mail
 c - a +0 buckler (worn)
 h - a +2 pair of gloves (worn)
 s - a +0 plate armour (worn)
Wands
 r - a wand of mindburst (13)
 u - a wand of light (6)
 v - a wand of digging (4)
Scrolls
 d - a scroll of torment
 e - 3 scrolls of enchant weapon {unknown}
 g - 3 scrolls of identify
 j - a scroll of silence
 l - a scroll of fear {unknown}
 m - a scroll of poison
 n - 2 scrolls of enchant armour
Potions
 f - 2 potions of brilliance
 i - 2 potions of heal wounds
 k - 3 potions of curing
 o - a potion of ambrosia
 p - 2 potions of attraction {unknown}
 w - a potion of cancellation {unknown}


   Skills:
 + Level 9.8 Fighting
 * Level 8.8 Maces & Flails
 - Level 3.2 Armour
 - Level 4.0 Shields


You had 8 spell levels left.
You didn't know any spells.
Your spell library contained the following spells:

 Spells                   Type           Power      Damage    Failure   Level
 Beastly Appendage        Tmut           0%         N/A       100%        1
 Freeze                   Ice            0%         1d3       100%        1
 Magic Dart               Conj           0%         1d3       100%        1
 Searing Ray              Conj           0%         2d4       100%        2
 Wereblood                Tmut           0%         N/A       100%        2
 Frozen Ramparts          Ice            0%         1d1       100%        3
 Hailstorm                Conj/Ice       0%         3d3       100%        3
 Spider Form              Tmut/Pois      0%         N/A       100%        3
 Fulminant Prism          Conj/Hex       0%         3d5       100%        4


Dungeon Overview and Level Annotations

Branches:
Dungeon (7/15)             Temple (1/1) D:6         Ossuary (visited)

Altars:
Ashenzari
Cheibriados
Elyvilon
Hepliaklqana
Makhleb
Okawaru
Ru
Trog
Uskayaw
Yredelemnul
Zin
The Shining One

Shops:
D:1 (   D:2 [


Innate Abilities, Weirdness & Mutations

You cannot be hasted, slowed, berserked, paralysed or teleported.
You can dig through walls and to a lower floor.
You have a pair of large antennae on your head. (SInv)
Your four strong arms can wield two-handed weapons with a shield.
You are dopey. (Int -2)


Message History

No target in view!
No target in view!
No target in view!
No target in view!
You open the door.
There is an open door here.
You open the door.
There is an open door here.
You open the door.
There is an open door here.
Found a burning altar of Makhleb.
You sense a monster nearby.
A two-headed ogre comes into view.
It is wielding a +0 dire flail and a +0 giant spiked club.
A two-headed ogre is nearby!
A two-headed ogre is nearby!
The two-headed ogre hits you with a +0 dire flail!!
The two-headed ogre hits you but does no damage.
You bludgeon the two-headed ogre!!
The two-headed ogre is heavily wounded.
The two-headed ogre hits you with a +0 dire flail!
The two-headed ogre hits you but does no damage.
You hit the two-headed ogre but do no damage.
The two-headed ogre is heavily wounded.
The two-headed ogre hits you with a +0 dire flail!
The two-headed ogre hits you with a +0 giant spiked club!!
* * * LOW HITPOINT WARNING * * *
You are too injured to fight recklessly!
You are too injured to fight recklessly!
You are too injured to fight recklessly!
You are too injured to fight recklessly!
You are too injured to fight recklessly!
You are too injured to fight recklessly!
You are too injured to fight recklessly!
You are too injured to fight recklessly!
You barely miss the two-headed ogre.
The two-headed ogre is heavily wounded.
The two-headed ogre hits you with a +0 dire flail!
* * * LOW HITPOINT WARNING * * *
The two-headed ogre hits you with a +0 giant spiked club!
You die...

############# ###### .
......O@....# #..... .
.##.##...##.# #....# #
#.#..#..#.# #....# #
....##..#.####....# #
.._...........#....# #
#.....##..####.#....# #
..#.#..#..####.#....####
.##.##.........'....'...
..........##.#....####


You could see a two-headed ogre.

Vanquished Creatures
  A wraith (Ossuary)
  2 water moccasins (D:5)
  An ice beast (D:6)
  An ogre (D:4)
  A centaur (D:5)
  2 phantoms
  A kobold brigand (D:3)
  2 scorpions
  A gnoll sergeant (D:5)
  3 bullfrogs
  4 wights
  2 jellies
  5 hounds
  5 iguanas
  2 orc wizards
  A mummy (Ossuary)
  5 gnolls
  9 adders
  A shadow imp (D:7)
  A white imp (D:6)
  2 ufetubi (D:4)
  4 worms
  12 orcs
  6 endoplasms
  7 giant cockroaches
  7 goblins
  5 hobgoblins
  6 jackals
  7 quokkas
  5 ball pythons
  5 bats
  5 frilled lizards
  4 gnoll skeletons (Ossuary)
  10 kobolds
  8 kobold skeletons (Ossuary)
  13 orc skeletons (Ossuary)
  8 rats
  2 rat zombies (D:4)
166 creatures vanquished.

Notes
Turn   | Place    | Note
-------+----------+-------------------------------------------
     0 | D:1      | cforsyth the Formicid Fighter began the quest for the Orb.
     0 | D:1      | Reached XP level 1. HP: 18/18 MP: 1/1
   111 | D:1      | Reached XP level 2. HP: 24/24 MP: 2/2
   111 | D:1      | Found Tejaklua's Antique Weapon Shop.
   321 | D:1      | Reached XP level 3. HP: 30/30 MP: 3/3
   532 | D:2      | Found Uhuelol's Antique Armour Emporium.
   541 | D:2      | Reached skill level 4 in Fighting
  1205 | D:2      | Reached XP level 4. HP: 36/37 MP: 4/4
  1658 | D:3      | Found a bloodstained altar of Trog.
  1678 | D:3      | Reached XP level 5. HP: 43/43 MP: 5/5
  1777 | D:3      | Noticed a kobold brigand
  1805 | D:3      | Gained mutation: You are dopey. (Int -2) [potion of
                  | mutation]
  1812 | D:3      | Killed a kobold brigand
  1813 | D:3      | Reached skill level 5 in Fighting
  2043 | D:3      | Found an iron altar of Okawaru.
  2082 | D:3      | Reached XP level 6. HP: 51/51 MP: 6/6
  2571 | D:4      | Noticed an ogre
  2578 | D:4      | Killed an ogre
  2579 | D:4      | Reached skill level 6 in Fighting
  2579 | D:4      | Reached skill level 5 in Maces & Flails
  2579 | D:4      | Reached XP level 7. HP: 58/58 MP: 7/7
  2709 | D:4      | Found a glowing golden altar of the Shining One.
  2778 | D:4      | Found a sand-covered staircase.
  2789 | Ossuary  | Entered an ossuary
  2789 | Ossuary  | Noticed a wraith
  2789 | Ossuary  | Noticed a wraith
  2789 | Ossuary  | Noticed a wraith
  3033 | Ossuary  | Noticed a wraith
  3048 | Ossuary  | Killed a wraith
  3049 | Ossuary  | Reached skill level 7 in Fighting
  3049 | Ossuary  | Reached XP level 8. HP: 58/67 MP: 8/8
  4094 | D:5      | Entered Level 5 of the Dungeon
  4298 | D:5      | Reached skill level 8 in Fighting
  4764 | D:5      | Identified the +1 robe of Complete Protection {Will+ Regen+
                  | Dex+4}
  5695 | D:5      | Reached XP level 9. HP: 11/64 MP: 9/9
  6613 | D:5      | Reached skill level 9 in Fighting
  6974 | D:6      | Identified the +5 morningstar "Lyiruiz" {heavy, rN+ Str+3}
  7243 | D:6      | Found a staircase to the Ecumenical Temple.
  7258 | Temple   | Entered the Ecumenical Temple
  7335 | Temple   | Became a worshipper of Ru the Awakened
  7718 | D:7      | Found a glowing silver altar of Zin.
  7833 | D:7      | Found a burning altar of Makhleb.
  7843 | D:7      | Noticed a two-headed ogre
  7849 | D:7      | Mangled by a two-headed ogre

Illustrated notes

Levels and vault maps discovered:
D:1:      dpeg_arrival_tiny_d, layout_rooms, serial_shops, shop,
          minmay_misc_feat_chi
D:2:      minmay_thinvault, layout_basic, serial_shops, shop_fountains
D:3:      layout_loops_cross, nicolae_overflow_crystal_walls, okawaru_gym_becter
D:4:      layout_layer_cave, mainiacjoe_overflow_alcove_4, enter_ossuary_4,
          minmay_cupped
D:5:      layout_basic
D:6:      minmay_general_purpose_star, layout_loops_ring, temple_hall,
          nicolae_elevator_lobby_asterisk
D:7:      hellmonk_destroyed_diamonds, layout_basic,
          mainiacjoe_overflow_small_starburst, mainiacjoe_overflow_boulevard,
          water_boxes_lemuel
Temple:   nicolae_temple_great_sept

Skill      XL: |  1  2  3  4  5  6  7  8  9 |
---------------+----------------------------+-----
Fighting       | 4 5 6 7 8 9 |  9.8
Maces & Flails | 3 4 5 6 7 8 |  8.8
Armour         | |  3.2
Shields        | |  4.0

Action                     |  1- 3 |  4- 6 |  7- 9 || total
---------------------------+-------+-------+-------++-------
  Melee: Flail             |   137 |   160 |   309 ||   606
         Morningstar       |       |       |    35 ||    35
    Use: Potion            |       |     6 |     1 ||     7
         Scroll            |       |     6 |     7 ||    13
 Armour: Scale mail        |    60 |   107 |    57 ||   224
         Skin              |       |     5 |       ||     5
         Plate armour      |       |       |   140 ||   140
  Dodge: Dodged            |    91 |    94 |   144 ||   329
  Block: Buckler           |    41 |    42 |    78 ||   161

Table legend: (Time is in decaauts)
 A = Elapsed time spent in this place.
 B = Non-inter-level travel time spent in this place.
 C = Inter-level travel time spent in this place.
 D = Time resting spent in this place.
 E = Time spent auto-exploring this place.
 F = Levels seen in this place.
 G = Mean time per level.
                   A        B        C        D        E       F      G
               +--------+--------+--------+--------+--------+-----+--------+
         Total |   7982 |   7711 |    271 |   1368 |   4519 |   9 |  886.9 |
       Dungeon |   7570 |   7310 |    260 |   1326 |   4437 |   7 | 1081.4 |
        Temple |     88 |     77 |     11 |      0 |     60 |   1 |   88.0 |
       Ossuary |    323 |    323 |      0 |     42 |     22 |   1 |  323.0 |
               +--------+--------+--------+--------+--------+-----+--------+

Top non-repeatable levels by time:
     D:5: 2431 daAuts
     D:4: 1382 daAuts
     D:2: 1152 daAuts
     D:6: 1110 daAuts
     D:3: 778 daAuts
     D:1: 551 daAuts
 Ossuary: 323 daAuts
     D:7: 163 daAuts
  Temple: 88 daAuts
